 Dungeon Crawl Stone Soup version 0.29.1-2-gbd0b4ee654 (webtiles) character file.

Game seed: 17211281139475838783

6 Icepheonix32 the Insei (level 1, 0/13 HPs)
             Began as an Octopode Transmuter on Nov 18, 2022.
             Slain by a kobold
             ... wielding a +0 short sword
              (5 damage)
             ... on level 1 of the Dungeon.
             The game lasted 00:00:17 (427 turns).

Icepheonix32 the Insei (Octopode Transmuter)         Turns: 427, Time: 00:00:18

Health: 0/13       AC:  1    Str:  9    XL:     1   Next: 90%
Magic:  3/3        EV: 13    Int: 15    God:
Gold:   18         SH:  0    Dex: 12    Spells: 3/4 levels left

rFire   . . .      SeeInvis .     - Unarmed
rCold   . . .      Faith    .   (no shield)
rNeg    . . .      Spirit   .   (helmet restricted)
rPois   .          Reflect  .   (no amulet)
rElec   .          Harm     .   (no ring)
rCorr   .          Rampage  .   (no ring)
Will    .....                   (no ring)
Stlth   ++........              (no ring)
HPRegen 0.04/turn               (no ring)
MPRegen 0.08/turn               (no ring)
                                (no ring)
                                (no ring)

@: no status effects
A: almost no armour, amphibious, 8 rings, camouflage 1, gelatinous body 1,
(nimble swimmer 1), tentacles
a: no special abilities


You were on level 1 of the Dungeon.
You visited 1 branch of the dungeon, and saw 1 of its levels.

You collected 18 gold pieces.

Inventory:

Scrolls
 b - a scroll of acquirement {unknown}
Potions
 a - a potion of lignification


   Skills:
 - Level 1.0 Fighting
 - Level 2.0 Dodging
 - Level 3.0 Unarmed Combat
 - Level 2.0 Spellcasting
 + Level 2.6 Transmutations


You had 3 spell levels left.
You knew the following spells:

 Your Spells              Type           Power      Damage    Failure   Level
a - Beastly Appendage     Tmut           18%        N/A       8%          1

Your spell library contained the following spells:

 Spells                   Type           Power      Damage    Failure   Level
 Wereblood                Tmut           9%         N/A       12%         2
 Spider Form              Tmut/Pois      5%         N/A       36%         3
 Ice Form                 Ice/Tmut       5%         N/A       78%         4


Dungeon Overview and Level Annotations

Branches:
Dungeon (1/15)

Altars:

Shops:
D:1 !


Innate Abilities, Weirdness & Mutations

You cannot wear most types of armour.
You are amphibious.
You can wear up to eight rings at the same time.
Your skin changes colour to match your surroundings (Stealth+).
Your rubbery body absorbs attacks. (AC +1, EV +1)
((You are camouflaged when in or above water. (Stealth+)))
You have tentacles for arms and can constrict up to eight enemies at once.


Message History

Magic restored.
Key pressed, stopping explore.
b - a scroll labelled USYUME FUOPROTH A rat comes into view.
A rat is nearby!
One of your tentacles grows a vicious spike.
The rat bites you.
You closely miss the rat. You grab the rat.
You pierce the rat, but do no damage.
You constrict the rat. The rat barely misses you.
You barely miss the rat.
Your tentacle spike misses the rat.
The rat is heavily wounded.
You constrict the rat.
You kill the rat!
No target in view!
Your transformation is almost over.
Your tentacle spike disappears.
Key pressed, stopping explore.
A kobold comes into view. It is wielding a +0 short sword.
Found a scroll labelled ERELYBL RASEI.
Found Nuaveliy's Distillery.
The kobold shouts!
A kobold is nearby!
You closely miss the kobold. You grab the kobold. You constrict the kobold.
The kobold barely misses you.
You tentacle-slap the kobold but do no damage.
The kobold is moderately wounded.
You constrict the kobold.
The kobold hits you with a +0 short sword.
You barely miss the kobold. Your squeeze misses the kobold.
The kobold is heavily wounded.
You constrict the kobold.
The kobold hits you with a +0 short sword.
You release your grip on the kobold.
The kobold hits you with a +0 short sword.
You are too injured to fight recklessly!
Why would you want to do that?
You are too injured to fight recklessly!
The kobold attacks as you move away! The kobold barely misses you.
The kobold hits you with a +0 short sword.
You die...

###....#.#######.#.##.# #
#...........(....# #.#
#.#...÷....############.#
#....###................#
..>.... #...............##
####.#.##.#############.##
#.....##...............
#§§≈≈≈K.#.###########..#
#§§§§≈≈@#..............#
#§§≈§§≈.############.###
#.§§≈≈≈.# #.# #..§≈≈?.####
#.# #≈..∩..§#..# #.#
##########.# #.# #.# #.#
#.# #.# #.# #.# #.# #.#
#.#


You could see a kobold.

Vanquished Creatures
  A ball python (D:1)
  A bat (D:1)
  A giant cockroach (D:1)
  A quokka (D:1)
  A rat (D:1)
5 creatures vanquished.

Notes
Turn   | Place    | Note
-------+----------+-------------------------------------------
     0 | D:1      | Icepheonix32 the Octopode Transmuter began the quest for
                  | the Orb.
     0 | D:1      | Reached XP level 1. HP: 13/13 MP: 3/3
   420 | D:1      | Found Nuaveliy's Distillery.
   427 | D:1      | Slain by a kobold

Illustrated notes

Levels and vault maps discovered:
D:1:      lightli_arrival_boilingwater, layout_basic, serial_shops,
          nicolae_lakefront_shop, chequers_ecumenical_altar_island

Action                   || total
-------------------------++-------
Melee: Unarmed           ||    13
       Constrict         ||     3
       Kick              ||     1
       Punch             ||     1
       Tentacles         ||     1
 Cast: Beastly Appendage ||     3
 Stab: Sleeping          ||     2
Dodge: Dodged            ||     7
